 Dungeon Crawl Stone Soup version 0.28-a0-793-g31680bbd8b (webtiles) character file.

Game seed: 11818371881874216862

253 Leszczynek the Chopper (level 6, -1/44 HPs)
             Began as a Human Gladiator on Nov 3, 2021.
             Slain by a scorpion (5 damage)
             ... on level 5 of the Dungeon on Nov 4, 2021.
             The game lasted 00:11:49 (1342 turns).

Leszczynek the Chopper (Human Gladiator)            Turns: 1342, Time: 00:11:50

Health: -1/44      AC:  7    Str: 16    XL:     6   Next: 37%
Magic:  6/6        EV: 11    Int:  9    God:
Gold:   109        SH:  0    Dex: 14    Spells: 3/5 levels left

rFire   . . .      SeeInvis .   a - +0 war axe
rCold   . . .      Faith    .   (no shield)
rNeg    . . .      Spirit   .   m - +0 ring mail
rPois   .          Reflect  .   c - +0 helmet
rElec   .          Harm     .   q - +0 cloak
rCorr   .          Rampage  .   (no gloves)
Will    +....                   (no boots)
Stlth   +.........              p - amulet of regeneration
HPRegen 1.14/turn               s - ring of willpower
MPRegen 0.10/turn               (no ring)

@: lethally poisoned (-1 -> -2)
A: no striking features
a: no special abilities


You were on level 5 of the Dungeon.
You visited 1 branch of the dungeon, and saw 5 of its levels.

You collected 109 gold pieces.

Inventory:

Hand Weapons
 a - a +0 war axe (weapon)
Missiles
 j - 27 arrows
 t - 19 poisoned darts (quivered)
 u - 3 boomerangs
 w - 25 sling bullets
Armour
 b - a +0 leather armour
 c - a +0 helmet (worn)
 m - a +0 ring mail (worn)
 q - a +0 cloak (worn)
Jewellery
 p - an amulet of regeneration (around neck)
 s - a ring of willpower (left hand)
Wands
 z - a wand of flame (11)
Scrolls
 e - a scroll of teleportation {unknown}
 g - 2 scrolls of enchant armour {unknown}
 i - a scroll of enchant weapon {unknown}
 l - 2 scrolls of blinking {unknown}
 o - a scroll of summoning {unknown}
 r - a scroll of immolation {unknown}
 y - a scroll of noise {unknown}
Potions
 h - a potion of curing {@q1}
 k - a potion of invisibility {unknown}
 n - a potion of attraction {unknown}
 v - a potion of mutation {unknown}


   Skills:
 - Level 2.0 Fighting
 + Level 6.7 Axes
 - Level 2.0 Throwing
 - Level 3.0 Dodging


You had 3 spell levels left.
You knew the following spells:

 Your Spells              Type           Power      Damage    Failure   Level
a - Animate Skeleton      Necr           0%         N/A       61%         1
A - Apportation           Tloc           0%         N/A       61%         1

Your spell library contained the following spells:

 Spells                   Type           Power      Damage    Failure   Level
 Summon Small Mammal      Summ           0%         N/A       61%         1


Dungeon Overview and Level Annotations

Branches:
Dungeon (5/15)
 Temple: D:4-7

Altars:

Annotations:
D:1 1 runed translucent door


Message History

You bump into the rock wall.
You feel sick. The orc closely misses you. The orc hits you but does no damage.
The scorpion stings you.
Unknown command.
You barely miss the scorpion.
The scorpion is moderately wounded.
You closely miss the orc. You miss the orc.
You feel very sick. The orc hits you with a +0 hand axe.
The orc closely misses you.
The scorpion stings you but does no damage.
The orc hits you but does no damage.
You closely miss the orc. You barely miss the scorpion.
You barely miss the orc.
You feel sick. The scorpion stings you! The orc closely misses you.
The scorpion stings you! The orc hits you with a +0 hand axe.
You bump into the rock wall.
You feel less invigorated.
You feel less confused.
You feel sick. The orc misses you.
The scorpion stings you but does no damage.
The orc hits you but does no damage.
You hit the scorpion.
The scorpion is moderately wounded.
You closely miss the orc. You slash the orc!
You kill the orc!
You feel sick. The scorpion barely misses you.
The orc priest mumbles some strange prayers to Beogh against you.
Beogh smites you! The orc closely misses you.
You hit the scorpion but do no damage.
The scorpion is moderately wounded.
You hit the orc. You hit the orc but do no damage.
You feel sick. The orc hits you with a +0 flail.
* * * LOW HITPOINT WARNING * * *
The scorpion closely misses you. The orc hits you but does no damage.
The scorpion misses you. The orc hits you but does no damage.
You slash the scorpion!
The scorpion is severely wounded.
You hit the orc but do no damage. You hit the orc.
You feel sick. The orc hits you with a +0 hand axe.
* * * LOW HITPOINT WARNING * * *
The scorpion stings you.
You die...

##############
#........so..#
#.......oo@..#
#........#####
#.......(##..#
#.......s....+
#............#
#+###........##
#.........#
#...<.....#
#.........#


You could see a scorpion, an orc priest and 2 orcs.

Vanquished Creatures
  A bullfrog (D:4)
  A hound (D:4)
  An orc priest (D:5)
  A hound skeleton (D:4)
  3 gnolls (D:4)
  4 adders
  A worm (D:2)
  2 dart slugs
  3 orcs
  5 endoplasms
  2 giant cockroaches
  3 goblins
  3 hobgoblins
  2 jackals (D:1)
  A quokka (D:3)
  4 ball pythons
  3 bats
  3 frilled lizards
  2 kobolds
  5 rats
50 creatures vanquished.

Notes
Turn   | Place    | Note
-------+----------+-------------------------------------------
     0 | D:1      | Leszczynek the Human Gladiator began the quest for the Orb.
     0 | D:1      | Reached XP level 1. HP: 16/16 MP: 1/1
     1 | D:1      | Found a runed translucent door.
    90 | D:1      | Reached XP level 2. HP: 16/22 MP: 2/2
   404 | D:2      | Reached skill level 4 in Axes
   404 | D:2      | Reached XP level 3. HP: 16/27 MP: 3/3
   471 | D:3      | Learned a level 1 spell: Animate Skeleton
   473 | D:3      | Learned a level 1 spell: Apportation
   532 | D:2      | regen amulet
   684 | D:2      | will+ ring
   722 | D:2      | Reached XP level 4. HP: 33/33 MP: 4/4
   971 | D:4      | Reached skill level 5 in Axes
   980 | D:4      | Noticed a bullfrog
  1001 | D:4      | Killed a bullfrog
  1002 | D:4      | Reached XP level 5. HP: 36/38 MP: 5/5
  1074 | D:4      | Reached skill level 6 in Axes
  1092 | D:4      | Reached XP level 6. HP: 44/44 MP: 6/6
  1241 | D:5      | Entered Level 5 of the Dungeon
  1341 | D:5      | HP: 7/44 [orc (6)]
  1342 | D:5      | Slain by a scorpion

Illustrated notes ...#..........# #.........## ###..#....... #..#.###### #..#.# #..#.# #..#.# #..#.# #@..<# #....# #....# .# #..[.# #########.# #..### ..........## #... ........... #.## .........# #.# .........# Turn 532 on D:2: regen amulet

#........# #........#
#(.......# #........#
#........# #........#
#######........#
...............#######
................@....#
.>......#+##########.#
........# .......##.#
..#.......#
..#.####### ..#.#
..#.# ..#.#


Turn 684 on D:2: will+ ring

Levels and vault maps discovered:
D:1:      dpeg_arrival_caged_fury, layout_loops_cross,
          hellmonk_ecumenical_altar_crossroads
D:2:      layout_basic, minmay_between
D:3:      layout_rooms
D:4:      layout_basic, trog_three_pillars_becter, minmay_misc_feat_chi
D:5:      minmay_goblin_kobold_castle, layout_gridville,
          minmay_temple_entry_tees, uniq_menkaure, uniq_sigmund

Skill      XL: |  1  2  3  4  5 |
---------------+----------------+-----
Axes           | 4 5 6 |  6.7
Fighting       | |  2.0
Throwing       | |  2.0
Dodging        | |  3.0

Action                   |  1- 3 |  4- 6 || total
-------------------------+-------+-------++-------
Melee: War axe           |    76 |   119 ||   195
Throw: Throwing net      |     2 |     1 ||     3
  Use: Potion            |       |     3 ||     3
 Stab: Sleeping          |     1 |       ||     1
Armor: Leather armour    |     5 |       ||     5
       Ring mail         |    20 |    50 ||    70
Dodge: Dodged            |    52 |    88 ||   140

Table legend: (Time is in decaauts)
 A = Elapsed time spent in this place.
 B = Non-inter-level travel time spent in this place.
 C = Inter-level travel time spent in this place.
 D = Time resting spent in this place.
 E = Time spent auto-exploring this place.
 F = Levels seen in this place.
 G = Mean time per level.
                   A        B        C        D        E       F      G
               +--------+--------+--------+--------+--------+-----+--------+
         Total |   1402 |   1279 |    123 |      0 |      0 |   5 |  280.4 |
       Dungeon |   1402 |   1279 |    123 |      0 |      0 |   5 |  280.4 |
               +--------+--------+--------+--------+--------+-----+--------+

Top non-repeatable levels by time:
     D:2: 455 daAuts
     D:4: 351 daAuts
     D:1: 287 daAuts
     D:3: 261 daAuts
     D:5: 46 daAuts
